 Dungeon Crawl Stone Soup version 0.19-a0-1122-g39308c2 (webtiles) character file.

81 Deeps the Scratcher (level 4, 21/21 HPs)
             Began as a Felid Berserker on Aug 12, 2016.
             Was a Believer of Lugonu.
             Quit the game on level 3 of the Dungeon.
             The game lasted 00:03:09 (2009 turns).

Deeps the Scratcher (Felid Berserker)               Turns: 2009, Time: 00:03:10

Health: 21/21      AC:  1    Str: 14    XL:     4   Next: 19%
Magic:  5/5        EV: 19    Int:  8    God:    Lugonu [**....]
Gold:   52         SH:  0    Dex: 15    Spells: 0 memorised, 3 levels left
                                        Lives:  1   Deaths: 0

rFire  . . .     SeeInvis +       - Unarmed
rCold  . . .     Gourm    .     (armour unavailable)
rNeg   . . .     Faith    .     (shield unavailable)
rPois  .         Spirit   .     (helmet unavailable)
rElec  .         Dismiss  .     (cloak unavailable)
rCorr  .         Reflect  .     (gloves unavailable)
SustAt .         Harm     .     (boots unavailable)
MR     .....                    (no amulet)
Stlth  ++........               (no ring)
                                (no ring)

@: quick
A: no armour, no weapons or thrown items, claws 1, fangs 3, see invisible,
carnivore 3, speed 1, shaggy fur 1, slow metabolism 1, sharp paws
a: Depart the Abyss, Bend Space, Renounce Religion


You were on level 3 of the Dungeon.
You worshipped Lugonu.
Lugonu was pleased with you.
You were very hungry.

You visited 1 branch of the dungeon, and saw 3 of its levels.

You collected 52 gold pieces.

Inventory:

Scrolls
 b - a scroll of magic mapping {unknown}
 c - 3 scrolls of teleportation {unknown}
 d - a scroll of enchant weapon {unknown}
 e - a scroll of immolation {unknown}
 f - 3 scrolls of identify {unknown}
 g - a scroll of blinking {unknown}
 h - a scroll of recharging {unknown}
 i - a scroll of remove curse {unknown}
Potions
 j - a potion of magic {unknown}
 k - a potion of beneficial mutation {unknown}
Comestibles
 a - a meat ration
 l - a slice of pizza


   Skills:
 - Level 3.0 Fighting
 - Level 4.0 Dodging
 + Level 1.3 Stealth
 + Level 4.9 Unarmed Combat


You had 3 spell levels left.
You didn't know any spells.

Dungeon Overview and Level Annotations

Branches:
Dungeon (3/15)

Altars:
Lugonu


Innate Abilities, Weirdness & Mutations

You cannot wear armour.
You are incapable of wielding weapons or throwing items.
You have sharp claws.
You have razor-sharp teeth.
You have supernaturally acute eyesight. (SInv)
You are carnivorous and can eat meat at any time.
You cover ground quickly.
You are covered in fur. (AC +1)
You have a slow metabolism.
Your sharp claws are effective at attacking unaware monsters.


Message History

You scratch the worm.
The worm is severely wounded.
The worm barely misses you.
You scratch the worm. You bite the worm.
You kill the worm!
Trog accepts your kill.
No target in view!
No target in view!
No target in view!
No target in view!
Found a leather armour.
l - a slice of pizza
There is a faded altar of an unknown god here.
You cannot tell which god this altar belongs to.
Convert to them anyway?
Lugonu accepts your prayer!
You have lost your religion!
Trog does not appreciate desertion!
Lugonu welcomes you!
You can now depart the Abyss.
You can now bend space around yourself.
Are you sure you want to abandon this character and quit the game? (Confirm with "yes".)

# #.... #.###.#.#### ..
.............
.....#...#.# #...#...#.#
#...#...#[##
#...#......#####
#...##..#.......
#####......#@#.....
(...............#.......
...........###.....#####
....#####.. #..#..#
...........# #.....#
#.#..####..# #..###....
.....# #..# #.†# .##.
#.#..# #..# #..# .#
.....# #..# #..#


There were no monsters in sight!

Vanquished Creatures
  2 adders (D:2)
  An ooze (D:1)
  3 worms
  3 dart slugs (D:1)
  A giant gecko (D:2)
  6 hobgoblins
  9 kobolds
  A quokka (D:2)
  A ball python (D:2)
  11 bats
  2 giant newts (D:1)
  2 goblins
  5 rats
47 creatures vanquished.

Notes
Turn   | Place    | Note
-------+----------+-------------------------------------------
     0 | D:1      | Deeps the Felid Berserker began the quest for the Orb.
     0 | D:1      | Reached XP level 1. HP: 10/10 MP: 2/2
    83 | D:1      | Reached XP level 2. HP: 4/14 MP: 3/3
   539 | D:1      | Reached ** piety under Trog
   825 | D:1      | Reached XP level 3. HP: 16/17 MP: 4/4
  1557 | D:2      | Reached skill level 1 in Stealth
  1557 | D:2      | Reached XP level 4. HP: 12/21 MP: 5/5
  1981 | D:3      | Found a faded altar of an unknown god.
  2009 | D:3      | Fell from the grace of Trog
  2009 | D:3      | Became a worshipper of Lugonu the Unformed
  2009 | D:3      | Reached * piety under Lugonu
  2009 | D:3      | Reached ** piety under Lugonu
  2009 | D:3      | Quit the game

Vault maps used:
D:1:      dpeg_arrival_rooms_a
D:3:      ecumenical_altar_1

Skill      XL: |  1  2  3 |
---------------+----------+-----
Unarmed Combat | 4 |  4.9
Stealth        | 1 |  1.3
Fighting       | |  3.0
Dodging        | |  4.0

Action                   |  1- 3 |  4- 6 || total
-------------------------+-------+-------++-------
Melee: Unarmed           |   105 |    13 ||   118
       Bite              |    11 |     1 ||    12
       Punch             |     1 |       ||     1
  Use: Potion            |     3 |       ||     3
 Stab: Sleeping          |     4 |       ||     4
Armor: Skin              |     9 |       ||     9
Dodge: Dodged            |    88 |    10 ||    98
